[Event "Paul Keres Memorial Festival 2022"]
[Site "Pärnu, Estonia Resort Hotel & Spa"]
[Date "2022.07.22"]
[Round "9.4"]
[White "Paikens, Reinis"]
[Black "Valdats, Reinis"]
[Result "0-1"]
[TimeControl "60 min for 30 moves + 30 min until game end, from first move every move 30 sec time increment"]
[WhiteFideId "11624078"]
[BlackFideId "11617578"]
[WhiteElo "1567"]
[BlackElo "1514"]

1. c4 e5 2. Nc3 Bb4 3. g3 Nf6 4. Bg2 O-O 5. Nf3 Nc6 6. O-O e4 7. Ng5 Bxc3 8. bxc3 Re8 9. d3 exd3 10.
exd3 d6 11. Ne4 h6 12. Rb1 Nxe4 13. Bxe4 Ne5 14. Re1 Bg4 15. Qd2 Bf3 16. Qc2 Qd7 17. Re3 Qh3 18. Bxf3 Nxf3+ 19. Rxf3 Re1# 0-1

[Event "Paul Keres Memorial Festival 2022"]
[Site "Pärnu, Estonia Resort Hotel & Spa"]
[Date "2022.07.22"]
[Round "9.5"]
[White "Kull, Tormi"]
[Black "Chukavin, Kirill"]
[Result "0-1"]
[TimeControl "60 min for 30 moves + 30 min until game end, from first move every move 30 sec time increment"]
[BlackTitle "FM"]
[WhiteFideId "4510151"]
[BlackFideId "4503023"]
[WhiteElo "1826"]
[BlackElo "2418"]

1. e4 c5 2. Nf3 a6 3. d4 cxd4 4. Nxd4 Nf6 5. Nc3 e5 6. Nf3 Nc6 7. Bg5 Bb4 8. Qd3 h6 9. Bxf6 Qxf6 10.
a3 Bxc3+ 11. Qxc3 d6 12. Rd1 O-O 13. Bc4 Bg4 14. Be2 Rac8 15. Qd3 Rfd8 16. O-O Ne7 17. h3 Be6 18. b3 Ng6 19.
Kh2 Nf4 20. Qd2 d5 21. exd5 Rxd5 22. Qe3 Rxc2 23. Bc4 Rxd1 24. Rxd1 Bxc4 25. bxc4 Re2 26. Qc5 Ne6 27. Qc8+ Kh7 28.
Qxb7 e4 29. Rd7 exf3 30. Rxf7 Qe5+ 0-1

[Event "Paul Keres Memorial Festival 2022"]
[Site "Pärnu, Estonia Resort Hotel & Spa"]
[Date "2022.07.22"]
[Round "9.6"]
[White "Medar, Marti"]
[Black "Raag, Ardi"]
[Result "0-1"]
[TimeControl "60 min for 30 moves + 30 min until game end, from first move every move 30 sec time increment"]
[WhiteFideId "4501870"]
[BlackFideId "4509269"]
[WhiteElo "2066"]
[BlackElo "1971"]

1. c4 e5 2. Nc3 Nf6 3. e3 Bb4 4. a3 Bxc3 5. dxc3 O-O 6. g4 d6 7. g5 Ne4 8. h4 f5 9. Ne2 Be6 10.
f3 Nc5 11. Ng3 a5 12. b4 Ncd7 13. e4 f4 14. Nf5 Nc6 15. Rb1 Ne7 16. Bd3 Nb6 17. Qe2 Nxf5 18. exf5 Bxf5 19. Bxf5 Rxf5 20.
Qe4 Rf7 21. Qxb7 Nxc4 22. Qc6 Nb6 23. Rh2 Qd7 24. Qe4 d5 25. Qd3 e4 26. fxe4 dxe4 27. Qxd7 Nxd7 28. c4 Ne5 29. Rc2 Nf3+ 30.
Kf1 axb4 31. axb4 Rd8 32. b5 Rd1+ 33. Kf2 Nd4 0-1

[Event "Paul Keres Memorial Festival 2022"]
[Site "Pärnu, Estonia Resort Hotel & Spa"]
[Date "2022.07.22"]
[Round "9.7"]
[White "Andrijashkin, Deniss"]
[Black "Protassov, Vlad"]
[Result "1-0"]
[TimeControl "60 min for 30 moves + 30 min until game end, from first move every move 30 sec time increment"]
[WhiteFideId "4504631"]
[BlackFideId "4507010"]
[WhiteElo "2006"]
[BlackElo "1824"]

1. e4 c6 2. d4 d5 3. f3 dxe4 4. fxe4 e5 5. Nf3 Be6 6. Bd3 Nd7 7. c3 Ngf6 8. O-O Bd6 9. Kh1 Qc7 10.
Be3 O-O 11. Nbd2 b5 12. Qe1 Rae8 13. Qh4 Be7 14. Ng5 h6 15. Nxe6 fxe6 16. Qh3 Qd6 17. Nf3 Nh7 18. Qg4 Kh8 19.
Rad1 Qc7 20. Qg6 Bd6 21. Nh4 Rxf1+ 22. Rxf1 Rf8 23. Qxe6 Rxf1+ 24. Bxf1 Nhf8 25. Qf7 Nf6 26. Qxc7 Bxc7 27.
dxe5 Bxe5 28. Bxa7 Nxe4 29. Bd3 Nd6 30. Nf3 Bf4 31. g3 Nc8 32. Bc5 Nd7 33. Bf2 Nf8 1-0

[Event "Paul Keres Memorial Festival 2022"]
[Site "Pärnu, Estonia Resort Hotel & Spa"]
[Date "2022.07.22"]
[Round "9.8"]
[White "Zafra, Kim"]
[Black "Olde, Karl Erik"]
[Result "0-1"]
[TimeControl "60 min for 30 moves + 30 min until game end, from first move every move 30 sec time increment"]
[BlackFideId "4505760"]
[WhiteElo "1623"]
[BlackElo "1842"]

1. e4 c5 2. Nf3 Nc6 3. d4 cxd4 4. Nxd4 Nf6 5.
Nc3 d6 6. Bg5 e5 7. Ndb5 a6 8. Na3 Be6 9. Bc4 b5 10. Bxe6 fxe6 11. Bxf6 Qxf6 12. Ne2 Rd8 13. c4 Qg6 14. cxb5 axb5 15. Ng3 d5 16. Nxb5 Bb4+ 17.
Nc3 d4 18. Qa4 O-O 19. O-O Rc8 20. a3 Bxc3 21. bxc3 dxc3 22. Ne2 Nd4 23. Nxd4 Qxe4 24. Qc2 Qxd4 25. Rfd1 Qc5 26. Rd3 Rfd8 27.
h3 Qc4 28. Rxd8+ Rxd8 29. Rc1 Rd2 30. Qb1 Rb2 31. Qa1 Qb3 32. Kh2 c2 33. Re1 Rb1 34. Qxe5 c1=Q 35. Rxc1 Rxc1 36. Qg5 Rc8 37.
Qe7 Qc4 38. g3 Rf8 39. Kg2 Qd5+ 40. Kg1 Qd1+ 41. Kg2 Qf3+ 0-1

[ePGN "0.1;DGT LiveChess/2.2.5"]

[Event "Paul Kerese Mälestusfestival 2022 Kiirturniir"]
[Site "Pärnu, Estonia Resort Hotel & Spa"]
[Date "????.??.??"]
[Round "1.1"]
[White "Shirov, Alexei"]
[Black "Valdats, Reinis"]
[Result "1-0"]
[TimeControl "15 minutit partiile + 3 sek käigule"]
[WhiteTitle "GM"]
[WhiteFideId "2209390"]
[WhiteElo "2621"]
[BlackElo "1497"]

1. e4 c5 2. Nf3 e6 3. d4 cxd4 4. Nxd4 Nc6 5. Nc3 Qc7 6. Be3 a6 7. Qf3 Nf6 8. O-O-O Bb4 9. Nxc6 bxc6 10.
Bd4 e5 11. Qg3 Bxc3 12. Bxc3 Nxe4 13. Qxg7 Rf8 14. Bxe5 Qa5 15. Bd3 Nxf2 16. Bd6 Nxd3+ 17. Rxd3 Qxa2 18. Qxf8# 1-0

[Event "Paul Kerese Mälestusfestival 2022 Kiirturniir"]
[Site "Pärnu, Estonia Resort Hotel & Spa"]
[Date "????.??.??"]
[Round "1.2"]
[White "Rezniks, Roberts"]
[Black "Agrest, Evgenij"]
[Result "0-1"]
[TimeControl "15 minutit partiile + 3 sek käigule"]
[BlackTitle "GM"]
[WhiteElo "1492"]
[BlackElo "2563"]

1. e4 c6 2. d4 d5 3. Nc3 dxe4 4.
Nxe4 Nf6 5. Nxf6+ exf6 6. c3 Bd6 7. Bd3 Na6 8. Ne2 Nc7 9. Bf4 Nd5 10. Bxd6 Qxd6 11. O-O O-O 12. Re1 g6 13.
Qd2 Kg7 14. h3 f5 15. Bc2 a5 16. Ng3 Qf4 17. Qxf4 Nxf4 18. Re5 Be6 19. a4 Bd5 20. f3 Rfe8 21. Rae1 Rxe5 22. Rxe5 Bc4 23.
Re3 Kf6 24. Kf2 Rb8 25. b3 Be6 26. Ne2 Nd5 27. Rd3 b5 28. axb5 cxb5 29. c4 Nb4 30. Rc3 Na2 31. d5 Nxc3 32.
Nxc3 Bd7 33. Ke3 bxc4 34. bxc4 Rb2 35. Kd3 Ke5 36. c5 f4 37. c6 Bf5+ 0-1

[Event "Paul Kerese Mälestusfestival 2022 Kiirturniir"]
[Site "Pärnu, Estonia Resort Hotel & Spa"]
[Date "????.??.??"]
[Round "1.3"]
[White "Maiorov, Nikita"]
[Black "Azarkevics, Aleksejs"]
[Result "1-0"]
[TimeControl "15 minutit partiile + 3 sek käigule"]
[WhiteTitle "GM"]
[WhiteElo "2431"]
[BlackElo "1484"]

1. d4 g6 2. e4 Bg7 3. Nc3 e6 4. f4 Nc6 5. Nf3 d5 6. e5 a6 7. Be2 Bd7 8. O-O h5 9. Be3 Nh6 10.
Kh1 Ng4 11. Bg1 Qe7 12. Qe1 Qb4 13. Rb1 O-O-O 14. Bd3 f6 15. h3 Nh6 16. Bxg6 fxe5 17. fxe5 Nf5 18. Bxf5 exf5 19. Nxd5 Qc4 20.
Nf4 Bh6 21. Ne2 Qxc2 22. d5 Nb4 23. Ned4 Qa4 24. b3 Qa3 25. e6 Bb5 26. Nxb5 axb5 27. Bc5 b6 28. Bxb4 Qa8 29. e7 Rde8 30.
Qe6+ Kb8 31. Ne5 Ka7 32. a4 bxa4 33. Ra1 1-0

[Event "Paul Kerese Mälestusfestival 2022 Kiirturniir"]
[Site "Pärnu, Estonia Resort Hotel & Spa"]
[Date "????.??.??"]
[Round "1.4"]
[White "Valdats, Maris"]
[Black "Kantans, Toms"]
[Result "0-1"]
[TimeControl "15 minutit partiile + 3 sek käigule"]
[BlackTitle "GM"]
[WhiteElo "1475"]
[BlackElo "2422"]

1. e4 c5 2. Nf3 Nf6 3. e5 Nd5 4. d4 cxd4 5. Nxd4 Nc6 6. Nf3 Nc7 7. c4 g6 8. Bd3 Bg7 9. Qe2 Ne6 10.
O-O O-O 11. Nc3 b6 12. Be3 Bb7 13. Rad1 Nxe5 14. Nxe5 Bxe5 15. Bh6 Bg7 16. Bxg7 Kxg7 17. Be4 Bxe4 18. Qxe4 Rc8 19. b3 d6 20.
Rfe1 Qd7 21. h4 h5 22. Re3 Rfe8 23. Rg3 Rc5 24. Nd5 Kh7 25. f4 Nc7 26. Ne3 f5 27. Qd3 a5 28. a3 e5 29.
fxe5 Rcxe5 30. Nc2 d5 31. Qd4 Qc6 32. Qf4 Qf6 33. Re3 R8e7 34. Rxe5 Qxe5 35. Qxe5 Rxe5 36. cxd5 Nxd5 37. Kf2 Kg7 38.
b4 axb4 39. axb4 Kf7 40. Kf3 b5 41. Rd4 Nf6 42. Na3 Ng4 43. g3 Re3+ 0-1

[Event "Paul Kerese Mälestusfestival 2022 Kiirturniir"]
[Site "Pärnu, Estonia Resort Hotel & Spa"]
[Date "????.??.??"]
[Round "1.5"]
[White "Chukavin, Kirill"]
[Black "Zafra, Kim"]
[Result "1-0"]
[TimeControl "15 minutit partiile + 3 sek käigule"]
[WhiteTitle "FM"]
[WhiteElo "2418"]
[BlackElo "1428"]

1. e4 d6 2. d4 Nf6 3. Nc3 g6 4. f4 Bg7 5. Nf3 c5
6. dxc5 Qa5 7. Bd3 Qxc5 8. Qe2 Bg4 9. Be3 Qa5 10. O-O Nc6 11. h3 Bxf3 12. Qxf3 O-O 13. Ne2 Nd7 14. c3 Qc7 15.
Rad1 Nc5 16. Bc2 a5 17. e5 b6 18. exd6 exd6 19. Nd4 Nxd4 20. Bxd4 Bxd4+ 21. Rxd4 Ne6 22. Rd2 Qc5+ 23. Kh1 Rad8 24.
f5 Ng7 25. Rd5 Qc4 26. Bb3 Qh4 27. Rd4 Qh5 28. fxg6 hxg6 29. Qf6 Rd7 30. Rh4 Ne8 31. Qd4 Qe5 32. Qg4 Qe7 33. Qxg6+ Ng7 34. Qh7# 1-0

[Event "Paul Kerese Mälestusfestival 2022 Kiirturniir"]
[Site "Pärnu, Estonia Resort Hotel & Spa"]
[Date "????.??.??"]
[Round "1.6"]
[White "Väärtnõu, Thomas"]
[Black "Volodin, Aleksandr"]
[Result "0-1"]
[TimeControl "15 minutit partiile + 3 sek käigule"]
[BlackTitle "GM"]
[WhiteElo "1427"]
[BlackElo "2407"]

1. d4 Nf6 2. Nc3 d5 3. Bf4 a6 4. e3 e6 5. g4 Bd6 6. Be5 Bxe5 7. dxe5 Nfd7 8. f4 Qh4+ 9. Kd2 c5 10.
g5 d4 11. Ne4 O-O 12. Qe2 Nxe5 13. fxe5 Qxe4 14. Nf3 dxe3+ 15. Qxe3 Rd8+ 16. Ke2 Qxc2+ 17. Ke1 Nc6 18. Qc3 Nb4 19.
a3 Qxc3+ 20. bxc3 Nc2+ 0-1

[Event "Paul Kerese Mälestusfestival 2022 Kiirturniir"]
[Site "Pärnu, Estonia Resort Hotel & Spa"]
[Date "????.??.??"]
[Round "1.7"]
[White "Smirnov, Artem"]
[Black "Kõlar, Karl-Ustav"]
[Result "1-0"]
[TimeControl "15 minutit partiile + 3 sek käigule"]
[WhiteTitle "IM"]
[WhiteElo "2287"]
[BlackElo "1424"]

1. d4 d5 2. c4 e6 3. Nc3 Nf6 4. cxd5 exd5 5. Bg5 Nbd7 6. e3 Be7 7. Bd3 O-O 8. Nge2 h6 9. Bh4 c6 10.
Qc2 Nb6 11. O-O Be6 12. Nf4 Bd7 13. Bg3 Nc8 14. f3 c5 15. dxc5 Bxc5 16. Ncxd5 Bb6 17. Rad1 Nxd5 18. Nxd5 Ne7 19.
Nxb6 Qxb6 20. Bh7+ Kh8 21. Rxd7 Qxe3+ 22. Bf2 Qe6 23. Rxb7 g6 24. Re1 1-0

[Event "Paul Kerese Mälestusfestival 2022 Kiirturniir"]
[Site "Pärnu, Estonia Resort Hotel & Spa"]
[Date "????.??.??"]
[Round "1.8"]
[White "Titov, Sergey"]
[Black "Golubovskis, Maksims"]
[Result "0-1"]
[TimeControl "15 minutit partiile + 3 sek käigule"]
[BlackTitle "FM"]
[WhiteElo "1370"]
[BlackElo "2209"]

1. e4 c5 2. Nf3 d6 3.
d4 cxd4 4. Nxd4 Nf6 5. Nc3 a6 6. Be2 e5 7. Nb3 Be7 8. O-O O-O 9. Be3 Be6 10. f3 Nbd7 11.
Nd5 Nxd5 12. exd5 Bf5 13. c4 b6 14. Rc1 Bg6 15.
Nd2 a5 16. Ne4 f5 17. Nc3 Bg5 18. Qd3 f4 19. Ne4 fxe3 20. Qc3 Bxe4 21. fxe4 Nc5 22. Bf3 e2 0-1

[Event "Paul Kerese Mälestusfestival 2022 Kiirturniir"]
[Site "Pärnu, Estonia Resort Hotel & Spa"]
[Date "????.??.??"]
[Round "2.1"]
[White "Paikens, Reinis"]
[Black "Shirov, Alexei"]
[Result "0-1"]
[TimeControl "15 minutit partiile + 3 sek käigule"]
[BlackTitle "GM"]
[BlackFideId "2209390"]
[WhiteElo "1847"]
[BlackElo "2621"]

1. c4 e6 2. Nc3 d5 3. cxd5 exd5 4. d4 c6 5. Bf4 Bd6 6. Bg3 Ne7 7. Nf3 Nf5 8. e3 Nxg3 9. hxg3 Nd7 10.
Bd3 Nf6 11. Qc2 g6 12. Rc1 O-O 13. Ng5 Re8 14. Ne2 Qe7 15. Nf4 Ng4 16. Nxh7 Kg7 17. Bxg6 Bxf4 18. Bxf7 Qxf7 19. gxf4 Qxf4 20.
Rh3 Nxf2 21. Kf1 Rxe3 22. Rxe3 Ng4+ 23. Ke1 Qxe3+ 24. Ra1 0-1

[Event "Paul Kerese Mälestusfestival 2022 Kiirturniir"]
[Site "Pärnu, Estonia Resort Hotel & Spa"]
[Date "????.??.??"]
[Round "2.2"]
[White "Agrest, Evgenij"]
[Black "Protassov, Vlad"]
[Result "1-0"]
[TimeControl "15 minutit partiile + 3 sek käigule"]
[WhiteTitle "GM"]
[WhiteElo "2563"]
[BlackElo "1828"]

1. Nf3 Nf6 2. b3 d5 3. Bb2 e6 4. e3 Nbd7 5. c4 b6 6. cxd5 exd5 7. Nc3 Bb7 8. Rc1 c5 9. d4 Be7 10.
Be2 O-O 11. O-O Rc8 12. Rc2 Qc7 13. Qb1 Rfd8 14. Rd1 Nf8 15. Nb5 Qb8 16. dxc5 bxc5 17. Be5 Qa8 18. Nc7 Rxc7 19. Bxc7 Rc8 20.
Bg3 Ne6 21. Rcc1 Ne4 22. Be5 h6 23. Ba1 a6 24. Ne1 Qb8 25. f3 Nf6 26. Qf5 Rd8 27. Be5 Qc8 28. Bd3 Qd7 29. Bb1 Bc8 30.
Qc2 Bb7 31. Nd3 Rc8 32. Nf2 g6 33. Qb2 Ne8 34. Nh3 1-0

[Event "Paul Kerese Mälestusfestival 2022 Kiirturniir"]
[Site "Pärnu, Estonia Resort Hotel & Spa"]
[Date "????.??.??"]
[Round "2.3"]
[White "Olde, Karl Erik"]
[Black "Maiorov, Nikita"]
[Result "0-1"]
[TimeControl "15 minutit partiile + 3 sek käigule"]
[BlackTitle "GM"]
[WhiteElo "1804"]
[BlackElo "2431"]

1. d4 d5 2. c4 e6 3. Nf3 Nf6 4. e3 b6 5. Nc3 Bb7 6. Be2 Bd6 7. O-O O-O 8. Qc2 a6 9. cxd5 exd5 10.
a3 Nbd7 11. b4 Qe7 12. Bb2 b5 13. Rac1 Nb6 14. Bd3 Nc4 15. Rfe1 Rae8 16. Re2 Ne4 17. Rce1 Kh8 18. Bc1 f6 19.
Bxe4 dxe4 20. Nd2 Nb6 21. Nb3 Nd5 22. Nc5 Nxc3 23. Qxc3 Bd5 24. Nxa6 f5 25. Rc2 Rf7 26. Bd2 Qh4 27.
g3 Qh3 28. Rf1 f4 29. exf4 e3 30. f3 exd2 31. Rxd2 Rfe7 32. Rdf2 Bc4 33. Nc5 Bxf1 34. Rxf1 Re2 0-1

[Event "Paul Kerese Mälestusfestival 2022 Kiirturniir"]
[Site "Pärnu, Estonia Resort Hotel & Spa"]
[Date "????.??.??"]
[Round "2.4"]
[White "Kantans, Toms"]
[Black "Paan, Karel"]
[Result "1-0"]
[TimeControl "15 minutit partiile + 3 sek käigule"]
[WhiteTitle "GM"]
[WhiteElo "2422"]
[BlackElo "1803"]

1. e4 e6 2. c4 c5 3. Nc3 Nc6 4. Nf3 g6 5. d4 cxd4 6. Nxd4 Bg7 7. Ndb5 Nge7 8. Nd6+ Kf8 9. Be3 f5 10.
Qd2 Qa5 11. f3 a6 12. Be2 b5 13. cxb5 axb5 14. Ndxb5 Ba6 15. a4 Bxb5 16. Bxb5 Bxc3 17. Qxc3 Qxc3+ 18. bxc3 1-0

[Event "Paul Kerese Mälestusfestival 2022 Kiirturniir"]
[Site "Pärnu, Estonia Resort Hotel & Spa"]
[Date "????.??.??"]
[Round "2.5"]
[White "Hansson, Markus"]
[Black "Chukavin, Kirill"]
[Result "0-1"]
[TimeControl "15 minutit partiile + 3 sek käigule"]
[BlackTitle "FM"]
[WhiteElo "1781"]
[BlackElo "2418"]

1. c4 e6 2. e4 d5 3. cxd5 exd5 4. exd5 Nf6 5. Nc3 Be7 6. Nf3 O-O 7. d4 Nbd7 8. Be2 Nb6 9. O-O Nbxd5 10. h3 Re8 11. a3 c6 12.
Re1 h6 13. Bd3 Bd6 14. Bd2 Rxe1+ 15. Qxe1 Be6 16. Nxd5 Nxd5 17. Qe4 Nf6 18. Qe2 Qb6 19. Bc3 Re8 20. Qd2 Bd5 21. Ba5 Qb3 22. Bc2 Qc4 23. Bd3 Qa4 24.
Nh4 Ne4 25. Bc2 Qb5 26. Bxe4 Rxe4 27. Nf5 Bf4 28. Qb4 Qxb4 29. Bxb4 Be6 30. Nd6 Bxd6 31. Bxd6 Rxd4 32. Be5 Rd3 33. Kf1 f6 34. Bc3 Kf7 35.
Re1 c5 36. Re3 Rd1+ 37. Ke2 Rg1 38. Rg3 b5 39. Be1 Bc4+ 40. Kd2 Bf1 41. b3 Rxg2 42. Rxg2 Bxg2 43. h4 Ke6 44. Ke3 Kd5 45. Bc3 Bh3 46. b4 Kc4 47. Bd2 Bf5 48. f4 a6 49. bxc5 Bd7 50.
Bb4 Bc6 51. Ke2 Kb3 52. Ke3 Ka4 53. Kd3 h5 54. Kc3 a5 55. Bxa5 Kxa5 56. Kb3 Bd5+ 57. Kc3 Ka4 0-1

[Event "Paul Kerese Mälestusfestival 2022 Kiirturniir"]
[Site "Pärnu, Estonia Resort Hotel & Spa"]
[Date "????.??.??"]
[Round "2.6"]
[White "Volodin, Aleksandr"]
[Black "Kull, Tormi"]
[Result "1-0"]
[TimeControl "15 minutit partiile + 3 sek käigule"]
[WhiteTitle "GM"]
[WhiteElo "2407"]
[BlackElo "1740"]

1. d4 c5 2. Nf3 cxd4 3. Nxd4 Nf6 4. g3 g6 5. Bg2 Bg7 6. c4 Nc6 7. O-O O-O 8. Nc3 a6 9. Nb3 d6 10. e4 Qc7 11. h3 Ne5 12.
Nd5 Nxd5 13. cxd5 f5 14. exf5 Bxf5 15. Nd4 Bd7 16. Bg5 Rf7 17. Ne6 Qb6 18. Be3 Qb5 19. Nc7 Qxb2 20. Nxa8 Bb5 21.
Rb1 Qxa2 22. Rxb5 axb5 23. Nc7 Nc4 24. Nxb5 Be5 25. Bh6 Qa5 26. Qg4 Bg7 27. Bxg7 Kxg7 28. Qxc4 1-0

[Event "Paul Kerese Mälestusfestival 2022 Kiirturniir"]
[Site "Pärnu, Estonia Resort Hotel & Spa"]
[Date "????.??.??"]
[Round "2.7"]
[White "Vohla, Mihkel"]
[Black "Smirnov, Artem"]
[Result "1-0"]
[TimeControl "15 minutit partiile + 3 sek käigule"]
[BlackTitle "IM"]
[WhiteElo "1720"]
[BlackElo "2287"]

1. e4 c5 2. f4 d5 3. e5 Nc6 4. Nf3 Nh6 5. c4 d4 6. Bd3 e6 7. O-O Be7 8. Be4 Qc7 9. d3 b6 10.
Nbd2 Bb7 11. Ng5 Nf5 12. Bxf5 exf5 13. e6 Bxg5 14. exf7+ Qxf7 15. fxg5 O-O 16. Nf3 Ne7 17. Ne5 Qe6 18.
Bf4 Ng6 19. Nxg6 Qxg6 20. Qd2 Rae8 21. Rae1 Qc6 22. a3 a5 23. Qf2 a4 24. Qg3 Rxe1 25. Rxe1 Re8 26. Rxe8+ Qxe8 27. Be5 Qc6 28.
h4 Qg6 29. Bxd4 cxd4 30. Qb8+ Kf7 31. Qxb7+ Kf8 32. Qc8+ Ke7 33. Qc7+ Kf8 34. Qd8+ Kf7 35. Qxd4 Qh5 36. Qd7+ Kg8 37.
Qe6+ Kf8 38. Qxf5+ Ke7 39. Qe4+ Kd8 40. Kh2 h6 41. gxh6 gxh6 42. Qd5+ Qxd5 43. cxd5 1-0

[Event "Paul Kerese Mälestusfestival 2022 Kiirturniir"]
[Site "Pärnu, Estonia Resort Hotel & Spa"]
[Date "????.??.??"]
[Round "2.8"]
[White "Golubovskis, Maksims"]
[Black "Kraini, Juri"]
[Result "1-0"]
[TimeControl "15 minutit partiile + 3 sek käigule"]
[WhiteTitle "FM"]
[WhiteElo "2209"]
[BlackElo "1690"]

1. e4 c5 2. Nf3 Nf6 3. e5 Nd5 4. Nc3 e6 5. Nxd5 exd5 6. d4 d6 7. exd6 Bxd6 8. Bb5+ Nc6 9. O-O O-O 10. dxc5 Bxc5 11. h3 Qb6 12. Bd3 Nb4 13.
c3 Nxd3 14. Qxd3 Rd8 15. b4 Be7 16. Be3 Qg6 17. Qxg6 hxg6 18. Rfe1 Bf6 19. Bd4 Bxd4 20. Nxd4 Kf8 21. Rad1 Bd7 22. Nf3 Bf5 23. g4 Be4 24.
Ng5 Rac8 25. Nxe4 dxe4 26. Rxd8+ Rxd8 27. Rxe4 Rd2 28. Rc4 Rxa2 29. Rc8+ Ke7 30. Rc7+ Ke6 31. Rxb7 Rc2 32. Rc7 g5 33. c4 Rb2 34.
b5 Rb4 35. Rc5 g6 36. Kg2 Kd6 37. Rc6+ Kd7 38. Kf3 Rb3+ 39. Ke4 Rxh3 40. Rf6 Ke7 41. Ra6 Rh4 42. Rxa7+ Ke6 43. Ra6+ Ke7 44.
c5 Rxg4+ 45. Ke5 Rc4 46. Ra7+ Ke8 47. Kd5 Rc1 48. b6 Kd8 49. Rxf7 1-0

[Event "Paul Kerese Mälestusfestival 2022 Kiirturniir"]
[Site "Pärnu, Estonia Resort Hotel & Spa"]
[Date "????.??.??"]
[Round "3.1"]
[White "Shirov, Alexei"]
[Black "Medar, Marti"]
[Result "1-0"]
[TimeControl "15 minutit partiile + 3 sek käigule"]
[WhiteTitle "GM"]
[WhiteFideId "2209390"]
[WhiteElo "2621"]
[BlackElo "2053"]

1. e4 d6 2. d4 Nf6 3. Nc3 Nbd7 4. g4 h6 5. h3 e5 6. Nge2 c6 7. a4 a5 8. Bg2 Qc7 9. O-O Nb6 10.
f4 Be7 11. Ng3 Be6 12. b3 exd4 13. Qxd4 d5 14. e5 Nfd7 15. Kh1 Bc5 16. Qd3 g5 17. Nce2 gxf4 18. Bxf4 Nxe5 19. Qc3 Nbd7 20.
Nd4 O-O-O 21. Rae1 Bb4 22. Qe3 Bxe1 23. Rxe1 Rde8 24. Bxe5 Nxe5 25. Qxe5 Qxe5 26. Rxe5 Bd7 27. Rxe8+ Rxe8 28. Kg1 Re1+ 29. Kf2 Rd1 30.
Nf3 Rc1 31. Ne1 Rb1 32. Ne2 Kc7 33. Nc3 Ra1 34. Ke2 Be6 35. Kd2 Kd6 36. Nf3 f5 37. gxf5 Bxf5 38. Ne2 Bd7 39. Nfd4 c5 40.
Nb5+ Ke5 41. h4 Bg4 42. Nc1 d4 43.
Nd3+ Kf5 44. Nf2 Rg1 45. Be4+ Kf4 46. Nd6 b6 47. Nd3+ Kg3 48. c4 dxc3+ 49. Kxc3 Kxh4 50. Nc4 Be2 51. Nxb6 Rg3 52. Nc4 Kg5 53. Nxa5 Re3 54. Bh7 Re7 55.
Kd2 Rxh7 56. Kxe2 Re7+ 57. Kf3 Rf7+ 58. Kg3 Re7 59. Nxc5 Re3+ 60. Kf2 Rc3 61. Ne4+ Kf5 1-0

[Event "Paul Kerese Mälestusfestival 2022 Kiirturniir"]
[Site "Pärnu, Estonia Resort Hotel & Spa"]
[Date "????.??.??"]
[Round "3.2"]
[White "Olde, Grete"]
[Black "Agrest, Evgenij"]
[Result "0-1"]
[TimeControl "15 minutit partiile + 3 sek käigule"]
[WhiteTitle "WCM"]
[BlackTitle "GM"]
[WhiteElo "2054"]
[BlackElo "2563"]

1. e4 c6 2. d4 d5 3. e5 c5 4. dxc5 e6 5. Be3 Nh6 6. c3 Nf5 7. Bd4 Nc6 8. Nf3 Bd7 9. Bd3 Nfxd4 10. cxd4 b6 11. cxb6 Qxb6 12. Qe2 Nxd4 13. Nxd4 Qxd4 14. Nc3 Bb4 15. Rc1 O-O 16. O-O Qb6 17. Rfd1 Rab8 18. Qg4 Be8 19.
Bc2 f6 20. Qh4 Bg6 21. Bxg6 hxg6 22. exf6 Rxf6 23. Rd4 Bd6 24. Nd1 Be5 25. Rd3 Qa5 26. b4 Qxa2 27. Ne3 Qb2 28. Rcd1 Qxb4 29. Ng4 Rf4 30. h3 Bd6 31. Qg5 Kf7 32. Rc1 Rf5 33.
Qe3 Qb6 34. Qe2 Qb2 35. Rc2 Qa1+ 36. Rd1 Rb1 37. Rcd2 Bf4 38. Rxb1 Qxb1+ 39. Rd1 Qb6 40.
Qd3 Bd6 41. Rb1 Qc7 42. Qa6 Kg8 43. Qe2 Qc8 44. g3 Rf7 45. Re1 Re7 46. Ne3 Bc5 47. Nxd5 exd5 48. Qxe7 Bxe7 0-1

[Event "Paul Kerese Mälestusfestival 2022 Kiirturniir"]
[Site "Pärnu, Estonia Resort Hotel & Spa"]
[Date "????.??.??"]
[Round "3.3"]
[White "Maiorov, Nikita"]
[Black "Heinmets, Tõnu"]
[Result "1/2-1/2"]
[TimeControl "15 minutit partiile + 3 sek käigule"]
[WhiteTitle "GM"]
[WhiteElo "2431"]
[BlackElo "1993"]

1. d4 Nf6 2. c4 d6 3. Nf3 Nbd7 4. Nc3 e5 5. g3 g6 6. Bg2 Bg7 7. O-O O-O 8. e4 exd4 9. Nxd4 Re8 10.
h3 Nc5 11. Re1 c6 12. Bf4 Ne6 13. Be3 Nxd4 14. Bxd4 Be6 15. Qd3 a6 16. b3 Qa5 17. Ne2 d5 18. cxd5 cxd5 19. e5 Ne4 20.
Qe3 Rac8 21. f3 Nc5 22. a3 Nd7 23. b4 Qd8 24. f4 h5 25. Qd3 Bf5 26. Qb3 Nb6 27. Kh2 Nc4 28. Rad1 Be6 29.
Bf2 b5 30. Nd4 Qe7 31. Re2 Red8 32. Qd3 Qe8 33. Bg1 Rc7 34. Rf1 Rdc8 35. f5 gxf5 36. Nxf5 Nxe5 37. Nxg7 Nxd3 38. Nxe8 Rxe8 39.
Bxd5 Nc1 40. Re3 Rd8 41. Bxe6 Rc2+ 42. Rf2 Rxf2+ 43. Bxf2 fxe6 44. Rxe6 Rd2 45. Kg1 Nd3 46. Be3 Re2 47. Kf1 Rh2 48. Bg1 Ra2 49. Rxa6 Kf7 50.
Ra7+ Ke6 51. Be3 Kf5 52.
Rf7+ Ke4 53. Bf2 Rxa3 54. Re7+ Kd5 55.
Re3 Kc4 56. Re4+ Kc3 57. g4 Ra1+ 58.
Kg2 Ra2 59. gxh5 Rxf2+ 60. Kg3 Rf1 61. h6 Rg1 62. Kh4 Rg8 63. Kh5 Nf2 64. h7 Rh8 65. Re7 Nxh3 66. Rc7+ Kxb4 67. Kg6 Nf4+ 68. Kg7 Rd8 69. Re7 Nh5+ 70. Kg6 Nf4+ 71. Kg7 Nd5 72. Re5 Kc4 73. h8=Q Rxh8 74. Kxh8 b4 75. Re4+ Kd3 76. Rxb4 Nxb4 1/2-1/2

[Event "Paul Kerese Mälestusfestival 2022 Kiirturniir"]
[Site "Pärnu, Estonia Resort Hotel & Spa"]
[Date "????.??.??"]
[Round "3.4"]
[White "Agafonov, Yuri"]
[Black "Kantans, Toms"]
[Result "1-0"]
[TimeControl "15 minutit partiile + 3 sek käigule"]
[BlackTitle "GM"]
[WhiteElo "2018"]
[BlackElo "2422"]

1. d4 Nf6 2. Bg5 d5 3. e3 Nbd7 4. f4 h6 5. Bh4 c5 6. c3 g5 7. Bg3 Ne4 8. Nd2 Nxg3 9. hxg3 Qb6 10.
Qb3 Qg6 11. O-O-O e6 12. Ngf3 Be7 13. Ne5 Nxe5 14. dxe5 O-O 15. Nf3 g4 16. Nd2 Kg7 17. Be2 f5 18. exf6+ Bxf6 19. e4 c4 20. Qc2 b5 21. e5 Be7 22.
Qxg6+ Kxg6 23. Bxg4 b4 24. Nf3 Rb8 25. Nd4 bxc3 26. bxc3 Ba3+ 27. Kd2 Rb2+ 28. Ke3 Bc5 29. Rd2 Rb6 30.
Kf3 Bd7 31. Nxe6 Bxe6 32. Bxe6 Rxe6 33. Rxd5 Rc6 34. g4 Rf7 35. Ke4 Kg7 36. f5 Bf8 37. Rb1 Rfc7 38. Rb8 Rb6 39. Rxb6 axb6 40. e6 Be7 41. Rd7 Rxd7 42. exd7 Kf7 43. Kd5 Bd8 44. Kxc4 Ke7 45. Kd5 Kxd7 46. Ke5 Ke7 47. c4 Kf7 48. Kd5 Kf6 49. a4 Kg5 50. Ke6 Kxg4 51. f6 1-0

[Event "Paul Kerese Mälestusfestival 2022 Kiirturniir"]
[Site "Pärnu, Estonia Resort Hotel & Spa"]
[Date "????.??.??"]
[Round "3.5"]
[White "Chukavin, Kirill"]
[Black "Tsiganova, Monika"]
[Result "1-0"]
[TimeControl "15 minutit partiile + 3 sek käigule"]
[WhiteTitle "FM"]
[BlackTitle "WIM"]
[WhiteElo "2418"]
[BlackElo "1906"]

1. e4 c5 2. Nf3 d6 3. d4 cxd4 4. Nxd4 Nf6 5. Nc3 a6 6. g3 e5 7. Nde2 Be6 8. Bg2 Be7 9. a4 O-O 10. O-O Nbd7 11. h3 Rc8 12.
Be3 Qa5 13. Qd2 Qb4 14. g4 Nb6 15. b3 d5 16. Bxb6 d4 17. a5 dxc3 18. Qe3 Bd7 19. Ng3 h6 20. Nf5 Bc5 21. Bxc5 Qxc5 22.
Rfd1 Bxf5 23. exf5 Qxe3 24. fxe3 e4 25. Rd4 Rfe8 26. Raa4 Rc5 27. Bxe4 Rce5 28. Bxb7 Rxe3 29. Bxa6 Rxh3 30. Rd3 Re1+ 31. Kg2 Rhh1 32.
Rxc3 Rhg1+ 33. Kf2 Rc1 34. Rg3 Rgd1 35. Bd3 Nd5 36. a6 Rd2+ 37. Kf3 Rxd3+ 38. cxd3 Nb6 39. a7 Rc8 40. Rb4 1-0